 Dungeon Crawl Stone Soup version 0.22.0-60-ga52c2fc (webtiles) character file.

11593 Monsterracer the Destroyer (level 11, -1/64 HPs)
             Began as a Gargoyle Fire Elementalist on Sept 9, 2018.
             Was a Believer of Vehumet.
             Killed from afar by an oklob plant (17 damage)
             ... with a splash of acid
             ... on level 1 of the Lair of Beasts.
             The game lasted 00:20:52 (13092 turns).

Monsterracer the Destroyer (GrFE)                  Turns: 13092, Time: 00:20:52

Health: -1/64      AC: 18    Str:  9    XL:     11   Next: 80%
Magic:  23/30      EV: 12    Int: 28    God:    Vehumet [**....]
Gold:   480        SH:  0    Dex: 13    Spells: 6/24 levels left

rFire    + . .     SeeInvis .   b - +7 falchion "Qoacsakh" {freeze, MP+9 Str-3 Int+9 Dex+3}
rCold    . . .     Gourm    .   (no shield)
rNeg     + . .     Faith    .   n - +2 robe {rF+}
rPois    ∞         Spirit   .   (no helmet)
rElec    +         Reflect  .   k - +2 cloak
rCorr    .         Harm     .   (no gloves)
MR       .....                  B - +2 pair of boots {Fly}
Stlth    ++........             p - amulet of magic regeneration
HPRegen  0.20/turn              (no ring)
MPRegen  0.47/turn              (no ring)

@: flying
A: negative energy resistance 1, electricity resistance, unbreathing,
petrification resistance, rot immunity, AC +8
a: Renounce Religion, Stop Flying


You were on level 1 of the Lair of Beasts.
You worshipped Vehumet.
Vehumet was pleased with you.
You were very hungry.

You visited 2 branches of the dungeon, and saw 10 of its levels.

You collected 590 gold pieces.
You spent 110 gold pieces at shops.

Inventory:

Hand Weapons
 a - a +2 trident
 b - the +7 falchion "Qoacsakh" (weapon) {freeze, MP+9 Str-3 Int+9 Dex+3}
   (You found it on level 1 of the Lair of Beasts)

   It has been specially enchanted to freeze those struck by it, causing extra
   injury to most foes and up to half again as much damage against particularly
   susceptible opponents.
   It can also slow down cold-blooded creatures.
   It affects your strength (-3).
   It affects your intelligence (+9).
   It affects your dexterity (+3).
   It affects your magic capacity (+9).
 w - a +2 scimitar of flaming
Missiles
 q - a throwing net (quivered)
Armour
 k - a +2 cloak (worn)
 n - a +2 robe of fire resistance (worn)
 B - a +2 pair of boots of flying (worn)
Jewellery
 p - an amulet of magic regeneration (around neck)
Wands
 o - a wand of scattershot (2)
 z - a wand of iceblast (10)
Scrolls
 d - 5 scrolls of enchant armour
 i - 2 scrolls of identify
 l - 4 scrolls of enchant weapon
 m - 6 scrolls of remove curse
 s - 8 scrolls of teleportation {!r}
 u - 2 scrolls of fear {!r}
 v - a scroll of fog
 y - 2 scrolls of amnesia
Potions
 e - 2 potions of mutation {!q}
 f - 2 potions of brilliance
 g - 2 potions of flight
 h - a potion of lignification
 j - 6 potions of heal wounds
 r - 3 potions of curing
 t - 2 potions of magic
 x - a potion of agility
 A - a potion of ambrosia {!q}
 C - a potion of invisibility
Comestibles
 c - 15 rations


   Skills:
 + Level 5.5 Fighting
 - Level 1.5 Dodging
 - Level 2.1 Stealth
 + Level 7.3 Spellcasting
 * Level 11.6 Conjurations
 - Level 4.1 Hexes
 * Level 11.2 Fire Magic


You had 6 spell levels left.
You knew the following spells:

 Your Spells              Type           Power        Failure   Level  Hunger
a - Flame Tongue          Conj/Fire      #####        1%          1    None
b - Conjure Flame         Conj/Fire      ######..     1%          3    None
c - Sticky Flame          Conj/Fire      ######..     1%          4    ##.....
d - Fireball              Conj/Fire      ######....   1%          5    ####...
f - Fulminant Prism       Conj/Hex       ######....   1%          4    ##.....
g - Magic Dart            Conj           ####         1%          1    None

Your spell library contained the following spells:

 Spells                   Type           Power        Failure   Level  Hunger
 Throw Flame              Conj/Fire      ######       1%          2    None
 Inner Flame              Hex/Fire       ######..     1%          3    None


Dungeon Overview and Level Annotations

Branches:
Dungeon (9/15)             Temple (0/1) D:7            Lair (1/6) D:9
    Orc (0/2) D:9

Altars:
Ashenzari
Dithmenos
Gozag
Kikubaaqudgha
Nemelex Xobeh
Okawaru
Vehumet
The Shining One

Shops:
D:4 }   D:5 !

Annotations:
Lair:1 exclusion: 3 oklob plants


Innate Abilities, Weirdness & Mutations

You are resistant to torment.
Your stone body is resilient. (AC +8)
You are immune to poison.
You resist negative energy. (rN+)
You are resistant to electric shocks. (rElec)
You can survive without breathing.
You are immune to petrification.
You are immune to rotting.


Message History

Your fulminant prism crackles loudly.
You take 13 damage, and have 51/64 hp.
MASSIVE DAMAGE!!
You hear an explosion!
You start resting.
Magic restored.
You regained 2 hp, and now have 53/64 hp.
MP restored: 30 You start resting.
You are no longer corroded.
You regained 2 hp, and now have 55/64 hp.
You start resting.
HP restored.
Health restored: 64 Really fly into a travel-excluded area?
Casting: Fulminant Prism (safe; 1% risk of failure)
Confirm with . or Enter, or press ? or * to list all spells.
Aiming: Fulminant Prism (safe; 1% risk of failure)
Press: ? - help, Dir - move target cursor You conjure a prism of explosive energy!
The oklob plant spits acid at you.
The splash of acid hits your fulminant prism.
Your fulminant prism is splashed with acid.
You now have 26/30 mp.
Casting: Fulminant Prism (safe; 1% risk of failure)
Confirm with . or Enter, or press ? or * to list all spells.
Aiming: Fulminant Prism (safe; 1% risk of failure)
Press: ? - help, Dir - move target cursor
Okay, then.
The oklob plant spits acid at you. The splash of acid hits you!
You are splashed with acid!
The acid burns!
Your fulminant prism crackles loudly.
You take 9 damage, and have 55/64 hp.
Your fulminant prism explodes!
The blast of energy engulfs the oklob plant.
The oklob plant is moderately damaged.
The blast of energy engulfs the oklob plant.
The oklob plant is moderately damaged.
The blast of energy engulfs the plant.
You destroy the plant!
The blast of energy engulfs the plant.
You destroy the plant!
The blast of energy engulfs the oklob plant.
The oklob plant is heavily damaged.
There are monsters nearby!
Casting: Fulminant Prism (safe; 1% risk of failure)
Confirm with . or Enter, or press ? or * to list all spells.
Aiming: Fulminant Prism (safe; 1% risk of failure)
Press: ? - help, Dir - move target cursor You miscast Fulminant Prism.
You are very lightly contaminated with residual magic.
Nothing appears to happen.
The oklob plant spits acid at you. The splash of acid hits you!
The acid corrodes you!
You are splashed with acid!
The acid burns!
* * * LOW HITPOINT WARNING * * *
You take 25 damage, and have 30/64 hp.
MASSIVE DAMAGE!!
You now have 24/30 mp.
Casting: Fulminant Prism (safe; 1% risk of failure)
Confirm with . or Enter, or press ? or * to list all spells.
Aiming: Fulminant Prism (safe; 1% risk of failure)
Press: ? - help, Dir - move target cursor, f - you
Okay, then.
You start resting.
Magic restored.
You regained 2 hp, and now have 32/64 hp.
MP restored: 30 You start resting.
You are no longer corroded.
You start resting.
Your magical contamination has completely faded away.
You start resting.
You are feeling very hungry.
You regained 9 hp, and now have 43/64 hp.
You start resting.
HP restored.
Health restored: 64 Really fly into a travel-excluded area?
Casting: Fulminant Prism (safe; 1% risk of failure)
Confirm with . or Enter, or press ? or * to list all spells.
Aiming: Fulminant Prism (safe; 1% risk of failure)
Press: ? - help, Dir - move target cursor You conjure a prism of explosive energy!
You now have 26/30 mp.
Casting: Fulminant Prism (safe; 1% risk of failure)
Confirm with . or Enter, or press ? or * to list all spells.
Aiming: Fulminant Prism (safe; 1% risk of failure)
Press: ? - help, Dir - move target cursor You conjure a prism of explosive energy!
The oklob plant spits acid at you. The splash of acid hits you!
You are splashed with acid!
The acid burns!
Your fulminant prism crackles loudly.
You take 25 damage, and have 39/64 hp.
MASSIVE DAMAGE!!
You now have 23/30 mp.
The oklob plant spits acid at you. The splash of acid hits you!
* * * LOW HITPOINT WARNING * * *
You are splashed with acid!
The acid burns!
* * * LOW HITPOINT WARNING * * *
The oklob plant spits acid at you. The splash of acid hits you!
You die...

.......}................######
##.#......#####.P#......##P#####
....#.....#####..#......+......##
................#........##.....#
....#......#....#..............##
..........P.....##......###....#
................P#......# #....#
....#.....#.....P#......# ####.#
....#.....#.....@#......#########
.###.......#.*..#.......#.#.###.#
......... #$|.P#................
#######.# #:.(/###.######.######
# #P*(% ### ### #$[P. #####


You could see 3 oklob plants and 2 friendly fulminant prisms.

Vanquished Creatures
  Urug (Lair:1)
  The ghost of Lew the Carver, a novice MiFi of Okawaru (D:5)
  The ghost of Americanboy the Archer, a novice CeHu (D:5)
  An ugly thing (D:8)
  A black mamba (Lair:1)
  The ghost of Hepliaklqana the Skirmisher, a novice MiFi (D:5)
  The ghost of Merlin the Skirmisher, a novice GnWn (D:5)
  2 spiny frogs (Lair:1)
  An efreet (D:6)
  A kobold demonologist (D:6)
  A troll (D:9)
  Grinder (D:5)
  Prince Ribbit (D:6)
  3 hippogriffs
  Eustachio (D:6)
  4 yaks (Lair:1)
  A wraith (D:7)
  A basilisk (Lair:1)
  The ghost of beigtais the Magician, an amateur DsWz (D:5)
  3 wargs (D:9)
  2 porcupines (Lair:1)
  3 water moccasins
  3 sky beasts
  2 ice beasts
  A phantom (D:6)
  2 orc warriors
  6 ogres
  3 wolves (D:9)
  A necrophage (D:7)
  3 centaurs
  A crocodile (Lair:1)
  A big kobold (D:9)
  4 bullfrogs
  2 scorpions
  8 killer bees (D:8)
  A troll skeleton (D:7)
  7 wights
  2 electric eels (D:9)
  5 crimson imps
  2 centaur zombies
  3 bullfrog skeletons
  A bullfrog zombie (D:8)
  8 hounds
  A centaur skeleton (D:7)
  3 orc priests
  4 human zombies (D:7)
  2 iguanas
  6 orc wizards
  5 worker ants
  A killer bee zombie (D:9)
  A mummy (D:7)
  A worker ant zombie (D:6)
  7 gnolls
  9 adders
  2 oozes (D:2)
  An adder skeleton (D:5)
  6 worms
  3 dart slugs
  7 leopard geckos
  24 orcs
  4 giant cockroaches
  12 hobgoblins
  8 jackals
  4 quokkas
  A ball python zombie (D:6)
  11 bats
  5 frilled lizards
  17 goblins
  A jackal skeleton (D:6)
  14 kobolds
  2 orc zombies (D:7)
  A quokka zombie (D:4)
  6 rats
  2 plants (Lair:1)
270 creatures vanquished.

Vanquished Creatures (others)
  7 fulminant prisms
  2 plants (Lair:1)
9 creatures vanquished.

Grand Total: 279 creatures vanquished

Notes
Turn   | Place    | Note
-------+----------+-------------------------------------------
     0 | D:1      | Monsterracer the Gargoyle Fire Elementalist began the quest
                  | for the Orb.
     0 | D:1      | Reached XP level 1. HP: 10/10 MP: 3/3
   298 | D:1      | Reached XP level 2. HP: 15/15 MP: 1/5
   961 | D:1      | Reached XP level 3. HP: 13/19 MP: 0/6
   966 | D:1      | Learned a level 3 spell: Conjure Flame
  1453 | D:2      | Reached XP level 4. HP: 24/24 MP: 3/7
  2399 | D:3      | Learned a level 4 spell: Sticky Flame
  2568 | D:3      | Reached XP level 5. HP: 28/28 MP: 7/9
  2610 | D:3      | HP: 11/28 [orc priest/nerve-wracking pain (5)]
  3199 | D:3      | Noticed a hippogriff
  3204 | D:3      | Killed a hippogriff
  3204 | D:3      | Reached skill level 5 in Fire Magic
  3204 | D:3      | Reached XP level 6. HP: 26/32 MP: 4/11
  3945 | D:4      | Reached XP level 7. HP: 29/36 MP: 2/12
  4428 | D:4      | Reached skill level 5 in Conjurations
  4740 | D:4      | Found a sparkling altar of Nemelex Xobeh.
  4852 | D:4      | Found a radiant altar of Vehumet.
  4881 | D:4      | Found Lumn's Gadget Emporium.
  4907 | D:4      | Became a worshipper of Vehumet
  5164 | D:5      | Entered Level 5 of the Dungeon
  5317 | D:5      | Learned a level 5 spell: Fireball
  5507 | D:5      | Noticed Grinder
  5512 | D:5      | Killed Grinder
  5558 | D:5      | Reached XP level 8. HP: 41/41 MP: 6/14
  5710 | D:5      | Found a runed gate.
  5710 | D:5      | Found a runed gate.
  5710 | D:5      | Found a runed gate.
  5712 | D:5      | Noticed Merlin's ghost (novice GnWn)
  5712 | D:5      | Noticed Hepliaklqana's ghost (novice MiFi)
  5713 | D:5      | Noticed beigtais's ghost (amateur DsWz)
  5714 | D:5      | Noticed Lew's ghost (novice MiFi)
  5728 | D:5      | Noticed Americanboy's ghost (novice CeHu)
  5959 | D:5      | Found Utilyka's Distillery.
  5962 | D:5      | Bought a potion of heal wounds for 55 gold pieces
  5962 | D:5      | Bought a potion of heal wounds for 55 gold pieces
  6005 | D:6      | Noticed Prince Ribbit
  6012 | D:6      | Killed Prince Ribbit
  6083 | D:6      | Found a transporter.
  6091 | D:6      | Noticed an efreet
  6091 | D:6      | Noticed a kobold demonologist
  6092 | D:6      | Found a transporter.
  6100 | D:6      | Found a glowing golden altar of the Shining One.
  6200 | D:6      | Found an iron altar of Okawaru.
  6619 | D:6      | Found an opulent altar of Gozag.
  6678 | D:6      | Reached XP level 9. HP: 45/45 MP: 11/16
  6680 | D:6      | Reached * piety under Vehumet
  6680 | D:6      | Offered knowledge of Magic Dart by Vehumet.
  6835 | D:6      | Reached skill level 5 in Spellcasting
  6870 | D:6      | Noticed Eustachio
  6887 | D:6      | Killed Eustachio
  7492 | D:7      | Found a shattered altar of Ashenzari.
  7626 | D:7      | Learned a level 1 spell: Magic Dart
  7896 | D:7      | Found a staircase to the Ecumenical Temple.
  8212 | D:7      | Reached skill level 1 in Fighting
  8251 | D:7      | Found an ancient bone altar of Kikubaaqudgha.
  8866 | D:8      | Offered knowledge of Shock by Vehumet.
  8866 | D:8      | Reached XP level 10. HP: 53/53 MP: 15/18
  8871 | D:8      | Reached ** piety under Vehumet
  9061 | D:8      | Noticed a red ugly thing
  9107 | D:8      | HP: 22/55 [red ugly thing (10)]
  9111 | D:8      | Killed a red ugly thing
  9723 | D:8      | Reached skill level 10 in Conjurations
 10066 | D:9      | Noticed an ogre mage
 10089 | D:9      | Offered knowledge of Ignite Poison by Vehumet.
 10153 | D:9      | Reached skill level 10 in Fire Magic
 10236 | D:8      | Reached *** piety under Vehumet
 10545 | D:9      | Found a staircase to the Lair.
 10685 | D:9      | Found a staircase to the Orcish Mines.
 10690 | D:9      | Offered knowledge of Fulminant Prism by Vehumet.
 10710 | D:9      | Learned a level 4 spell: Fulminant Prism
 10927 | D:9      | Reached XP level 11. HP: 62/62 MP: 19/21
 11059 | D:9      | Found a shadowy altar of Dithmenos.
 11378 | D:5      | Killed Lew's ghost
 11381 | D:5      | Killed beigtais's ghost
 11412 | D:5      | Killed Americanboy's ghost
 11419 | D:5      | Killed Hepliaklqana's ghost
 11419 | D:5      | Reached skill level 5 in Fighting
 11425 | D:5      | Killed Merlin's ghost
 11618 | D:6      | HP: 26/64 [efreet/fireball (9)]
 11623 | D:6      | Reached skill level 1 in Hexes
 11830 | Lair:1   | Entered Level 1 of the Lair of Beasts
 11849 | Lair:1   | HP: 29/64 [porcupine (6)]
 12408 | Lair:1   | Noticed Urug
 12416 | Lair:1   | HP: 22/64 [Urug/great mace of draining (19)]
 12421 | Lair:1   | HP: 18/64 [Urug/great mace of draining (5)]
 12422 | Lair:1   | Killed Urug
 12666 | Lair:1   | Got a polished falchion
 12667 | Lair:1   | Identified the +7 falchion "Qoacsakh" {freeze, MP+9 Str-3
                  | Int+9 Dex+3} (You found it on level 1 of the Lair of
                  | Beasts)
 12848 | Lair:1   | Noticed an oklob plant
 12848 | Lair:1   | Noticed an oklob plant
 12848 | Lair:1   | Noticed an oklob plant
 12918 | Lair:1   | HP: 30/64 [acid (16)]
 13092 | Lair:1   | HP: 32/64 [oklob plant/splash of acid (7)]
 13092 | Lair:1   | Killed from afar by an oklob plant

Skill      XL: |  1  2  3  4  5  6  7  8  9 10 11 |
---------------+----------------------------------+-----
Conjurations   | 2 3 4 6 7 9 10 11 | 11.6
Fire Magic     | 4 5 6 7 9 10 11 | 11.2
Spellcasting   | 3 4 5 6 7 |  7.3
Fighting       | 2 4 5 |  5.5
Hexes          | 4 |  4.1
Dodging        | |  1.5
Stealth        | |  2.1

Action                   |  1- 3 |  4- 6 |  7- 9 | 10-12 || total
-------------------------+-------+-------+-------+-------++-------
Melee: Dagger            |    11 |     4 |     1 |       ||    16
       Trident           |       |       |   224 |    37 ||   261
       Scimitar          |       |       |       |    12 ||    12
 Cast: Flame Tongue      |    56 |   126 |   191 |   232 ||   605
       Conjure Flame     |       |     1 |    10 |    14 ||    25
       Sticky Flame      |       |       |    26 |    19 ||    45
       Magic Dart        |       |       |    23 |       ||    23
       Fireball          |       |       |       |    15 ||    15
       Fulminant Prism   |       |       |       |     9 ||     9
Evoke: Wand              |       |       |       |     7 ||     7
  Use: Scroll            |       |       |    16 |     4 ||    20
  Eat: Chunk             |     2 |     8 |    14 |    12 ||    36
       Ration            |       |       |     2 |     2 ||     4
Armor: Robe              |    11 |    21 |   145 |    72 ||   249
Dodge: Dodged            |    20 |    19 |   178 |   107 ||   324
       Rpst.: Scimitar   |       |       |       |     7 ||     7

Vault maps used:
D:1:      lightli_arrival_maybe_door_vault
D:2:      first_ration
D:3:      minmay_goblin_outpost
D:4:      nicolae_overflow_hidden_temple, marbit_many_paths, serial_shops, shop
D:5:      gammafunk_ghost_cemetery, serial_shops, kennysheep_mini, uniq_grinder
D:6:      old_standard_altar, gammafunk_temple_overflow_arena,
          okawaru_metal_pillars_1_2, uniq_prince_ribbit1, uniq_eustachio
D:7:      lemuel_mausoleum_altar_kikubaaqudgha, nicolae_overflow_crystal_walls,
          minmay_temple_entry_overgrown, grunt_ogre_cave
D:9:      kennysheep_mini_moat, erik_lair_island, minmay_orc_entry_guard_dogs,
          onia_ninara_dug_in_and_dangerous
Lair:1:   minmay_lair_oklob_chamber, uniq_urug
